 Dungeon Crawl Stone Soup version 0.25-a0-353-ged6d54792d (webtiles) character file.

Game seed: 1780926749389401209, levelgen mode: deterministic

2085 sankara the Reanimator (level 9, 0/74 HPs)
             Began as a Hill Orc Necromancer on Jan 2, 2020.
             Slain by a worker ant (2 damage)
             ... on level 7 of the Dungeon.
             The game lasted 00:40:00 (7785 turns).

sankara the Reanimator (Hill Orc Necromancer)       Turns: 7785, Time: 00:40:01

Health: 0/74       AC:  4    Str: 11    XL:     9   Next: 27%
Magic:  0/27       EV: 12    Int: 18    God:
Gold:   270        SH:  0    Dex: 11    Spells: 0/12 levels left

rFire    . . .     SeeInvis .   b - staff of power {MP+17, !a}
rCold    . . .     Gourm    .   (no shield)
rNeg     + . .     Faith    .   k - +0 leather armour
rPois    +         Spirit   .   y - +0 helmet
rElec    .         Reflect  .   (no cloak)
rCorr    .         Harm     .   (no gloves)
MR       .....                  (no boots)
Stlth    +.........             (no amulet)
HPRegen  0.22/turn              F - ring of poison resistance {rPois, !d}
MPRegen  0.20/turn              v - ring of positive energy {rN+}

@: no status effects
A: no striking features
a: no special abilities


You were on level 7 of the Dungeon.
You were not hungry.

You visited 1 branch of the dungeon, and saw 7 of its levels.

You collected 270 gold pieces.

Inventory:

Hand Weapons
 a - a +2 dagger of speed
   (You found it on level 1 of the Dungeon)
 h - a +2 flail of holy wrath
   (You took it off an orc on level 3 of the Dungeon)
 j - a +0 whip
   (You took it off a kobold on level 1 of the Dungeon)
 l - a -3 hand axe
   (You found it on level 4 of the Dungeon)
 u - a +1 whip of flaming
   (You took it off Pikel on level 5 of the Dungeon)
Missiles
 r - 6 poisoned darts (quivered)
Armour
 e - a +0 robe
 k - a +0 leather armour (worn)
   (You took it off an orc on level 3 of the Dungeon)
 y - a +0 helmet (worn)
   (You found it on level 5 of the Dungeon)
Magical Staves
 b - an uncursed staff of power (weapon) {MP+17, !a}
   (You found it on level 6 of the Dungeon)
Jewellery
 q - an uncursed ring of protection from cold {rC+, !d}
   (You found it on level 4 of the Dungeon)
 v - a ring of positive energy (right hand) {rN+}
   (You found it on level 5 of the Dungeon)
 B - an uncursed ring of stealth {Stlth+}
   (You found it on level 6 of the Dungeon)
 F - a ring of poison resistance (left hand) {rPois, !d}
   (You found it on level 6 of the Dungeon)
Wands
 t - a wand of iceblast (8)
   (You found it on level 4 of the Dungeon)
 E - a wand of enslavement (2)
   (You took it off an orc wizard on level 6 of the Dungeon)
Scrolls
 d - 8 scrolls of identify
 n - 2 scrolls of remove curse
 p - 5 scrolls of teleportation
 s - a scroll of vulnerability {unknown}
 C - 3 scrolls of fear {unknown}
Potions
 f - a potion of degeneration {unknown}
 g - a potion of curing
 i - a potion of heal wounds {unknown}
 m - a potion of cancellation {unknown}
 o - 2 potions of brilliance {unknown}
 w - a potion of ambrosia {unknown}
 x - a potion of lignification {!q}
 z - 2 potions of agility {unknown}
 A - 2 potions of flight {unknown}
Comestibles
 c - 8 rations


   Skills:
 - Level 5.0 Fighting
 + Level 3.3 Armour
 - Level 3.0 Dodging
 - Level 1.5 Stealth
 - Level 2.0 Spellcasting
 - Level 3.3 Charms
 + Level 9.9 Necromancy


You couldn't memorise any spells.
You knew the following spells:

 Your Spells              Type           Power        Failure   Level  Hunger
a - Pain                  Necr           ####         1%          1    #......
b - Animate Skeleton      Necr           N/A          1%          1    #......
c - Vampiric Draining     Necr           #####.....   1%          3    ###....
d - Animate Dead          Necr           N/A          3%          4    #####..
e - Regeneration          Chrm/Necr      ####......   4%          3    ###....

Your spell library contained the following spells:

 Spells                   Type           Power        Failure   Level  Hunger


Dungeon Overview and Level Annotations

Branches:
Dungeon (7/15)
 Temple: D:4-7

Altars:
Dithmenos
Fedhas
Nemelex Xobeh

Shops:
D:6 }

Annotations:
D:5 2 transporters, MewIchigo's ghost, amateur DgAE
D:6 Grinder


Message History

Something hits you but does no damage.
Casting: Pain (safe; 1% risk of failure)
Confirm with . or Enter, or press ? or * to list all spells.
You can't see any susceptible monsters within range! (Use Z to cast anyway.)
Casting: Pain (safe; 1% risk of failure)
Confirm with . or Enter, or press ? or * to list all spells.
Aiming: Pain (safe; 1% risk of failure)
Press: ? - help, Shift-Dir - straight line Something writhes in agony.
Something hits you.
* * * LOW HITPOINT WARNING * * *
You closely miss something. Something hits you.
* * * LOW HITPOINT WARNING * * *
You closely miss something. Something hits you.
* * * LOW HITPOINT WARNING * * *
You miss something.
You hear some strange, mumbled words.
Something tries to affect you, but you resist.
Casting: Pain (safe; 1% risk of failure)
Confirm with . or Enter, or press ? or * to list all spells.
You can't see any susceptible monsters within range! (Use Z to cast anyway.)
Casting: Pain (safe; 1% risk of failure)
Confirm with . or Enter, or press ? or * to list all spells.
Aiming: Pain (safe; 1% risk of failure)
Press: ? - help, Shift-Dir - straight line Something writhes in agony!
Reactivating autopickup.
You feel a bit more experienced.
Things that are here:
a +0 dagger; a +0 robe; an orc corpse A worker ant comes into view.
The worker ant moves out of view.
Casting: Pain (safe; 1% risk of failure)
Confirm with . or Enter, or press ? or * to list all spells.
You attempt to give life to the dead...
Before your eyes, flesh is ripped from the corpse!
The dead are walking!
The worker ant barely misses you.
You see here 3 chunks of flesh {@w0}.
You swap places.
The worker ant completely misses your orc zombie.
There is a stone staircase leading up, spattered with blood here.
Okay, then.
You swap places.
The worker ant bites you but does no damage.
Your orc zombie hits the worker ant but does no damage.
You see here 3 chunks of flesh {@w0}.
Casting: Animate Skeleton (safe; 1% risk of failure)
Confirm with . or Enter, or press ? or * to list all spells.
You don't have enough magic to cast that spell.
Eat one of 3 chunks of flesh {@w0}? (ye/n/q)
You eat one of the 3 chunks of flesh {@w0}.
This raw flesh tastes terrible.
The worker ant bites you but does no damage.
Your hound zombie bites the worker ant but does no damage.
Your orc wizard skeleton closely misses the worker ant.
The worker ant bites you.
* * * LOW HITPOINT WARNING * * *
Your hound zombie bites the worker ant.
Your orc zombie hits the worker ant but does no damage.
The worker ant bites your orc zombie.
Your orc wizard skeleton closely misses the worker ant.
Your hound zombie bites the worker ant.
There is a stone staircase leading up, spattered with blood here.
The worker ant bites your orc zombie.
Your orc zombie is destroyed!
Your hound zombie bites the worker ant but does no damage.
Your orc zombie barely misses the worker ant.
Your orc wizard skeleton hits the worker ant but does no damage.
Your hound zombie barely misses the worker ant.
Casting: Animate Skeleton (safe; 1% risk of failure)
Confirm with . or Enter, or press ? or * to list all spells.
Aiming: Pain (safe; 1% risk of failure)
Press: ? - help, Shift-Dir - straight line, f - worker ant
Aim: a worker ant (lightly wounded, chance to defeat MR: 89%)
The worker ant writhes in agony!
Your hound zombie bites the worker ant but does no damage.
The worker ant barely misses you.
Your orc zombie closely misses the worker ant.
Your hound zombie bites the worker ant but does no damage.
The worker ant bites you.
* * * LOW HITPOINT WARNING * * *
Casting: Pain (safe; 1% risk of failure)
Confirm with . or Enter, or press ? or * to list all spells.
Aiming: Pain (safe; 1% risk of failure)
Press: ? - help, Shift-Dir - straight line, f/p - worker ant
Aim: a worker ant (heavily wounded, chance to defeat MR: 89%)
The worker ant writhes in agony.
Your hound zombie completely misses the worker ant.
The worker ant barely misses you.
Your orc wizard skeleton hits the worker ant with a +0 dagger.
Really attack while wielding your uncursed staff of power {MP+17, !a}?
You hit the worker ant but do no damage.
The worker ant is severely wounded.
Your hound zombie closely misses the worker ant.
The worker ant misses you.
Your hound zombie barely misses the worker ant.
Your orc zombie barely misses the worker ant.
You hit the worker ant but do no damage.
The worker ant is severely wounded.
The worker ant bites you.
You die...

####### #.....#
#.....# #.....#
#.....# #@aZ..#
#.ZZ..#
####..<).#
........%.#
#..##....)......
#.. ###.........
#. #......... #
#.........
#.........


You could see a worker ant, a friendly hound zombie, a friendly orc zombie and a
friendly orc wizard skeleton.

Vanquished Creatures
  Pikel (D:5)
  Duvessa (D:6)
  A sky beast (D:7)
  2 slaves (D:5)
  A phantom (D:4)
  4 ogres
  A bullfrog (D:6)
  Dowan (D:6)
  A wight (D:5)
  3 crimson imps
  2 orc priests
  2 hounds
  A jelly (D:6)
  4 orc wizards
  4 iguanas
  5 worker ants
  A worker ant zombie (D:5)
  7 adders
  A howler monkey skeleton (D:4)
  A shadow imp (D:5)
  2 oozes
  An adder skeleton (D:4)
  3 worms
  2 dart slugs
  13 orcs
  3 giant cockroaches
  3 goblins
  12 hobgoblins
  4 jackals
  7 kobolds
  A quokka (D:3)
  2 ball pythons
  6 bats
  3 frilled lizards
  11 rats
117 creatures vanquished.

Vanquished Creatures (collateral kills)
  An ogre (D:4)
  A phantom (D:4)
  An adder zombie (D:7)
  2 jackals (D:3)
5 creatures vanquished.

Vanquished Creatures (others)
  An orc wizard (D:5)
1 creature vanquished.

Grand Total: 123 creatures vanquished

Notes
Turn   | Place    | Note
-------+----------+-------------------------------------------
     0 | D:1      | sankara the Hill Orc Necromancer began the quest for the
                  | Orb.
     0 | D:1      | Reached XP level 1. HP: 14/14 MP: 3/3
   128 | D:1      | Learned a level 1 spell: Animate Skeleton
   258 | D:1      | Reached XP level 2. HP: 7/20 MP: 0/4
   848 | D:1      | Reached skill level 2 in Dodging
   940 | D:1      | Reached XP level 3. HP: 20/26 MP: 1/5
  1044 | D:1      | Learned a level 3 spell: Regeneration
  1893 | D:2      | Reached skill level 5 in Necromancy
  1923 | D:2      | Reached XP level 4. HP: 22/33 MP: 0/6
  2772 | D:3      | Reached XP level 5. HP: 37/38 MP: 3/7
  3236 | D:4      | Noticed an ogre
  3246 | D:4      | Killed an ogre
  3246 | D:4      | Reached skill level 3 in Dodging
  3246 | D:4      | Reached skill level 6 in Necromancy
  3407 | D:4      | Reached XP level 6. HP: 44/45 MP: 5/8
  3835 | D:4      | Noticed a phantom
  3880 | D:4      | HP: 11/46 [phantom (2)]
  3883 | D:4      | Killed a phantom
  3883 | D:4      | Reached skill level 1 in Fighting
  3883 | D:4      | Reached skill level 1 in Charms
  4164 | D:4      | Noticed a phantom
  4205 | D:4      | Killed a phantom
  4205 | D:4      | Reached skill level 2 in Fighting
  4205 | D:4      | Reached XP level 7. HP: 38/55 MP: 6/9
  4211 | D:4      | Learned a level 4 spell: Animate Dead
  4228 | D:4      | Reached skill level 7 in Necromancy
  4567 | D:5      | Entered Level 5 of the Dungeon
  4623 | D:5      | Reached skill level 2 in Charms
  4718 | D:5      | Found a transporter.
  4835 | D:5      | Found a sparkling altar of Nemelex Xobeh.
  4843 | D:5      | Found a blossoming altar of Fedhas.
  4902 | D:5      | Found a shadowy altar of Dithmenos.
  4924 | D:5      | Reached skill level 3 in Fighting
  4959 | D:5      | HP: 13/57 [something/magic dart (5)]
  4960 | D:5      | HP: 5/57 [something (3)]
  4962 | D:5      | HP: 2/57 [something (4)]
  5190 | D:5      | Found a transporter.
  5288 | D:5      | HP: 10/57 [slave[Pikel] (5)]
  5449 | D:5      | Noticed Pikel
  5565 | D:5      | Noticed MewIchigo's ghost (amateur DgAE)
  5601 | D:5      | Killed Pikel
  5601 | D:5      | Reached skill level 4 in Fighting
  5601 | D:5      | Reached skill level 3 in Charms
  5601 | D:5      | Reached skill level 8 in Necromancy
  5601 | D:5      | Reached XP level 8. HP: 40/67 MP: 0/10
  5800 | D:6      | Found Jafyumo's Gadget Shoppe.
  5802 | D:6      | Noticed Grinder
  6043 | D:6      | Noticed Duvessa
  6043 | D:6      | Noticed Dowan
  6046 | D:6      | Reached skill level 5 in Fighting
  6052 | D:6      | Killed Duvessa
  6052 | D:6      | Reached skill level 9 in Necromancy
  6056 | D:6      | Killed Dowan
  6258 | D:6      | Reached skill level 1 in Armour
  6259 | D:6      | HP: 17/68 [poisoned by a worker ant]
  6265 | D:5      | HP: 12/68 [poisoned by a worker ant]
  6270 | D:5      | HP: 15/68 [poisoned by a worker ant]
  6288 | D:5      | HP: 17/68 [poisoned by a worker ant]
  6776 | D:5      | Reached skill level 2 in Spellcasting
  6776 | D:5      | Reached XP level 9. HP: 60/74 MP: 5/12
  6783 | D:5      | Learned a level 3 spell: Vampiric Draining
  6959 | D:5      | Reached skill level 2 in Armour
  7389 | D:6      | HP: 14/74 [something/puff of flame (7)]
  7394 | D:6      | HP: 6/74 [something (2)]
  7395 | D:6      | HP: 2/74 [something/magic dart (4)]
  7760 | D:7      | Reached skill level 3 in Armour
  7764 | D:7      | HP: 15/74 [something (3)]
  7766 | D:7      | HP: 7/74 [something (4)]
  7776 | D:7      | HP: 4/74 [worker ant (5)]
  7782 | D:7      | HP: 1/74 [worker ant (3)]
  7785 | D:7      | Slain by a worker ant

Levels and vault maps discovered:
D:1:      dpeg_arrival_short_road, layout_basic, chequers_hall_statues_wall_a,
          hangedman_abyss_or_decor_stabs
D:2:      layout_loops_ring
D:3:      layout_loops_ring, first_ration
D:4:      layout_basic
D:5:      layout_rooms, amethyst_overflow_temple_binary, lemuel_round_altar,
          gammafunk_ghost_hive, uniq_pikel
D:6:      layout_basic, serial_shops, shop, uniq_duvessa, uniq_grinder
D:7:      layout_rooms, minmay_temple_entry_antechambers

Skill      XL: |  1  2  3  4  5  6  7  8  9 |
---------------+----------------------------+-----
Dodging        | 2 3 |  3.0
Necromancy     | 5 6 8 9 |  9.9
Fighting       | 2 4 5 |  5.0
Charms         | 1 3 |  3.3
Armour         | 1 3 |  3.3
Spellcasting   | 2 |  2.0
Stealth        | |  1.5

Action                   |  1- 3 |  4- 6 |  7- 9 || total
-------------------------+-------+-------+-------++-------
Melee: Unarmed           |     5 |       |       ||     5
       Club              |     2 |       |       ||     2
       Dagger            |    39 |   185 |   208 ||   432
       Whip              |     5 |       |       ||     5
       Staff             |       |       |    10 ||    10
 Cast: Pain              |    65 |    44 |   161 ||   270
       Animate Skeleton  |     6 |    18 |    12 ||    36
       Regeneration      |       |     3 |    16 ||    19
       Animate Dead      |       |       |     3 ||     3
       Vampiric Draining |       |       |     5 ||     5
  Use: Scroll            |     5 |     1 |       ||     6
       Potion            |       |     1 |     2 ||     3
 Stab: Invisible         |       |     1 |       ||     1
       Sleeping          |       |     1 |       ||     1
  Eat: Chunk             |     5 |     9 |    12 ||    26
       Ration            |       |       |     2 ||     2
Armor: Robe              |     5 |    13 |       ||    18
       Leather armour    |       |    21 |    63 ||    84
       Skin              |       |       |     3 ||     3
Dodge: Dodged            |    31 |    76 |   137 ||   244

Table legend:
 A = Non-vault XP
 B = Vault XP
 C = Vault XP percentage of total XP
 D = Non-vault monster count
 E = Vault monster count
 F = Vault count percentage of total count
                 A         B        C        D         E       F
            +---------+---------+-------+---------+---------+-------
      Total |    2150 |     829 |  27.8 |     118 |       3 |   2.5
            +---------+---------+-------+---------+---------+-------
        D:1 |      39 |       0 |   0.0 |      19 |       0 |   0.0
        D:2 |     101 |       0 |   0.0 |      16 |       0 |   0.0
        D:3 |      59 |       0 |   0.0 |      25 |       0 |   0.0
        D:4 |     556 |       0 |   0.0 |      15 |       0 |   0.0
        D:5 |     536 |     617 |  53.5 |      16 |       1 |   5.9
        D:6 |     636 |     212 |  25.0 |      20 |       2 |   9.1
        D:7 |     223 |       0 |   0.0 |       7 |       0 |   0.0
            +---------+---------+-------+---------+---------+-------

Levels and vault maps discovered:
D:1:      dpeg_arrival_short_road, layout_basic, chequers_hall_statues_wall_a,
          hangedman_abyss_or_decor_stabs
D:2:      layout_loops_ring
D:3:      layout_loops_ring, first_ration
D:4:      layout_basic
D:5:      layout_rooms, amethyst_overflow_temple_binary, lemuel_round_altar,
          gammafunk_ghost_hive, uniq_pikel
D:6:      layout_basic, serial_shops, shop, uniq_duvessa, uniq_grinder
D:7:      layout_rooms, minmay_temple_entry_antechambers

Table legend:
 A = Turns spent in this place as a percentage of turns spent in the entire game.
 B = Non-inter-level travel turns spent in this place as a percentage of non-inter-level travel turns spent in the entire game.
 C = Inter-level travel turns spent in this place as a percentage of turns spent in this place.
 D = Turns resting spent in this place as a percentage of non-inter-level travel turns spent in this place.
 E = Turns spent auto-exploring this place as a percentage of non-inter-level travel turns spent in this place.
 F = Non-inter-level travel turns spent in this place divided by the number of levels of this place that you've seen.
                   A       B       C       D       E      F
               +-------+-------+-------+-------+-------+----------------------
         Total | 100.0 | 100.0 |   3.9 |  38.6 |  36.5 | 1069.1
       Dungeon | 100.0 | 100.0 |   3.9 |  38.6 |  36.5 | 1069.1
               +-------+-------+-------+-------+-------+----------------------

Table legend:
 A = Kills in this place as a percentage of kills in entire the game.
 B = Kills by you in this place as a percentage of kills by you in the entire game.
 C = Kills by friends in this place as a percentage of kills by friends in the entire game.
 D = Other kills in this place as a percentage of other kills in the entire game.
 E = Experience gained in this place as a percentage of experience gained in the entire game.
 F = Experience gained in this place divided by the number of levels of this place that you have seen.
                   A       B       C       D       E      F
               +-------+-------+-------+-------+-------+----------------------
         Total | 100.0 | 100.0 | 100.0 | 100.0 | 100.0 | 425.6
       Dungeon | 100.0 | 100.0 | 100.0 | 100.0 | 100.0 | 425.6
               +-------+-------+-------+-------+-------+----------------------
